 Dungeon Crawl Stone Soup version 0.17.1-3-g152610e (webtiles) character file.

25225 Gargoyl the Cleaver (level 12, -33/145 HPs)
             Began as a Demonspawn Abyssal Knight on Mar 16, 2016.
             Was a Follower of Trog.
             Killed from afar by a salamander stormcaller (34 damage)
             ... with a great blast of fire
             ... on level 5 of the Abyss.
             The game lasted 00:40:08 (20057 turns).

Gargoyl the Cleaver (Demonspawn Abyssal Knight)    Turns: 20057, Time: 00:40:08

Health: -33/145    AC: 31    Str: 20    XL:     12   Next: 87%
Magic:  0/15       EV: 11    Int: 16    God:    Trog [*.....]
Gold:   1140       SH:  0    Dex: 12    Spells: 0 memorised, 11 levels left

rFire  . . .     SeeInvis .     e - +0 broad axe (elec)
rCold  + . .     Clarity  .     C - +6 chain mail {rC+}
rNeg   . . .     SustAt   .     (no shield)
rPois  +         Gourm    .     (helmet restricted)
rElec  .         Spirit   +     (no cloak)
rCorr  .         Warding  .     (no gloves)
rMut   +         Rnd*Tele +     a - +0 pair of boots
MR     .....                    b - amulet of resist mutation
Stlth  ..........               s - +2 ring of protection
                                R - ring of poison resistance

@: mighty, berserking, very slightly contaminated, very quick, not resistant to
hostile enchantments, extremely unstealthy
A: hooves 2, horns 2, rough black scales 3, clever 1, clumsy 1, mutation
resistance 1, spiny 1, strong 1, teleportitis 1, magic shield
a: Berserk, Burn Spellbooks, Renounce Religion


You were on level 5 of the Abyss.
You worshipped Trog.
Trog was aware of your devotion.
You were not hungry.

You visited 2 branches of the dungeon, and saw 14 of its levels.
You visited the Abyss 3 times.
You also visited: Sewer.

You collected 1140 gold pieces.

Inventory:

Hand Weapons
 e - a +0 broad axe of electrocution (weapon)
 w - a +1 flail of draining
 J - a cursed +0 dire flail
 L - a +0 battleaxe
Missiles
 N - 5 javelins of penetration (quivered)
Armour
 a - a +0 pair of boots (worn)
 C - a +6 chain mail of cold resistance (worn)
Jewellery
 b - an amulet of resist mutation (around neck)
 j - an uncursed ring of protection from fire
 o - an uncursed amulet of the gourmand
 s - a +2 ring of protection (right hand)
 v - an uncursed ring of ice
 P - the ring of Vaguch {MR+ Str+8 Dex-4}
   (You found it on level 9 of the Dungeon)

   [ring of protection from magic]

   It affects your strength (+8).
   It affects your dexterity (-4).
   It affects your resistance to hostile enchantments.
 R - a ring of poison resistance (left hand)
Wands
 i - a wand of disintegration (6)
 p - a wand of fire (5)
 E - a wand of digging (11)
Scrolls
 g - 9 scrolls of identify
 n - 3 scrolls of magic mapping
 x - a scroll of enchant weapon
 y - 2 scrolls of teleportation
 A - 2 scrolls of fog
 B - a scroll of fear
 I - a scroll of remove curse
 O - 2 scrolls of recharging
Potions
 d - 2 potions of haste
 h - a potion of might
 k - a potion of resistance
Comestibles
 c - 8 bread rations
 f - 2 slices of pizza
 l - 4 meat rations
 m - a beef jerky


   Skills:
 + Level 9.9 Fighting
 * Level 12.1 Axes
 + Level 10.9 Armour
 + Level 8.0 Dodging
 - Level 1.0 Stealth
   Level 4.4 Invocations


You had 11 spell levels left.
You didn't know any spells.

Dungeon Overview and Level Annotations

Branches:
Dungeon (11/15)            Temple (0/1) D:4            Lair (3/8) D:11
  Swamp: Lair:3-6    Shoals: Lair:3-6     Snake: Lair:3-6    Spider: Lair:3-6
    Orc: D:9-12

Altars:
Cheibriados
Dithmenos
Fedhas
Okawaru
Qazlal
Ru
Sif Muna
Trog
Xom
The Shining One

Annotations:
D:6 Prince Ribbit
Abyss:1 Snorg


Innate Abilities, Weirdness & Mutations

You have hoof-like feet.
You are completely covered in rough black scales (AC +10, Dex -3).
You are partially covered in sharp spines.
When hurt, damage is shared between your health and your magic reserves.
You have a pair of horns on your head.
Your mind is acute. (Int +2)
You are clumsy. (Dex -2)
You are somewhat resistant to further mutation.
Your muscles are strong. (Str +2)
You are occasionally teleported next to monsters.


Message History

Unknown command.
You barely miss the thrashing horror.
Your headbutt misses the thrashing horror.
The thrashing horror is severely damaged.
You barely miss the thrashing horror.
The thrashing horror is heavily damaged.
The thrashing horror tramples you but does no damage.
The thrashing horror barely misses you.
The thrashing horror tramples you but does no damage.
The thrashing horror barely misses you.
You closely miss the thrashing horror. You headbutt the thrashing horror!
You destroy the thrashing horror!
Unknown command.
You slash the small abomination! You headbutt the small abomination!
You destroy the small abomination!
You slash the thrashing horror!
The thrashing horror is almost destroyed.
The salamander stormcaller points at you and mumbles some strange words.
A raging storm of fire appears!
The great blast of fire engulfs you!
You die...

. .. .
#.
#..##
#..###
#.@#
#X## #.
...
N....
..##.##
... ..
###. ..
. . .


You could see a salamander stormcaller and a thrashing horror.

Vanquished Creatures
  A tentacled starspawn (Lair:2)
  Harold (D:10)
  The ghost of Edgeworth the Cleaver, a novice HOFi (D:10)
  3 large abominations
  6 thrashing horrors
  2 wretched stars (Lair:2)
  An unseen horror (D:11)
  An ugly thing (D:11)
  A hill giant (D:10)
  A cyclops (D:11)
  The ghost of jesusflecha the Destroyer, a novice HECj of Yredelemnul (D:6)
  An apocalypse crab (Abyss:4)
  A black mamba (Lair:2)
  4 spiny frogs
  A demonic crawler (Abyss:4)
  A komodo dragon (Lair:3)
  3 trolls (D:10)
  A queen bee (D:8)
  2 ancient zymes
  2 two-headed ogres
  7 blink frogs
  4 small abominations
  2 ynoxinuls (Abyss:4)
  A trapdoor spider zombie (D:10)
  Sigmund (D:5)
  A wraith (D:10)
  17 yaks
  A wyvern (D:8)
  A hungry ghost (D:10)
  2 humans (D:9)
  5 hippogriffs
  4 wolves
  An orc warrior (D:6)
  Duvessa (D:5)
  2 water moccasins
  7 ogres
  A sky beast (D:6)
  A black bear (D:7)
  5 crocodiles
  6 phantoms
  A wasp (D:10)
  4 centaurs
  An ice beast (D:8)
  3 big kobolds (D:11)
  15 giant frogs
  A gnoll sergeant (D:7)
  A wyvern skeleton (D:11)
  Dowan (D:5)
  17 killer bees (D:8)
  4 scorpions
  2 water moccasin skeletons
  10 wights
  12 crimson imps
  5 hounds
  A centaur zombie (D:5)
  3 jellies
  3 orc priests
  9 orc wizards
  10 worker ants
  5 iguanas
  A quasit (D:6)
  A giant frog skeleton (D:6)
  Jessica (D:2)
  A gnoll shaman (D:9)
  A killer bee zombie (D:11)
  2 hound zombies
  3 hound skeletons
  22 river rats
  11 adders
  13 gnolls
  3 shadow imps
  An adder zombie (D:8)
  An ooze (D:1)
  6 worms
  An adder skeleton (D:8)
  7 giant geckos
  30 orcs
  10 ball pythons
  8 bats
  10 giant cockroaches
  7 goblins
  12 hobgoblins
  14 giant newts
  3 jackals (D:3)
  18 kobolds
  7 quokkas
  A quokka skeleton (D:7)
  14 rats
  A fungus (Lair:2)
423 creatures vanquished.

Vanquished Creatures (others)
  An ugly thing (D:11)
  A centaur (D:11)
  The ghost of Edgeworth the Shield-Bearer, a weakling HOFi (D:3)
  A kobold (D:11)
  2 fungi (Lair:2)
  2 starspawn tentacles (Lair:2)
  24 starspawn tentacle segments (Lair:2)
32 creatures vanquished.

Grand Total: 455 creatures vanquished

Notes
Turn   | Place    | Note
--------------------------------------------------------------
     0 | Abyss:1  | Gargoyl the Demonspawn Abyssal Knight began the quest for the Orb.
     0 | Abyss:1  | Reached XP level 1. HP: 18/18 MP: 2/2
    56 | Abyss:1  | Found a corrupted altar of Lugonu.
   186 | Abyss:1  | Noticed a small abomination
   186 | Abyss:1  | Noticed a balrug
   187 | D:1      | Escaped the Abyss
   605 | D:1      | Reached skill level 1 in Dodging
   634 | D:1      | Gained mutation: You are partially covered in rough black scales (AC +4, Dex -1). [demonic ancestry]
   634 | D:1      | Reached XP level 2. HP: 2/24 MP: 4/4
   947 | D:1      | Reached * piety under Lugonu
  1660 | D:2      | Gained mutation: You are mostly covered in rough black scales (AC +7, Dex -2). [demonic ancestry]
  1660 | D:2      | Reached XP level 3. HP: 7/29 MP: 5/5
  1969 | D:2      | Found a blossoming altar of Fedhas.
  1971 | D:2      | Noticed Jessica
  1981 | D:2      | Killed Jessica
  2016 | D:2      | Reached XP level 4. HP: 35/35 MP: 6/6
  2277 | D:2      | Reached ** piety under Lugonu
  2372 | D:2      | Reached XP level 5. HP: 36/41 MP: 7/7
  2649 | D:3      | Found a bloodstained altar of Trog.
  2748 | D:3      | Found a sacrificial altar of Ru.
  2972 | D:3      | Found a glowing drain.
  3000 | Sewer    | Entered a sewer
  3006 | Sewer    | Reached *** piety under Lugonu
  4016 | D:3      | Noticed Edgeworth's ghost (weakling HOFi)
  4025 | D:3      | Banished Edgeworth's ghost
  4395 | D:4      | Noticed a phantom
  4450 | D:4      | Killed a phantom
  4450 | D:4      | Gained mutation: You are partially covered in sharp spines. [demonic ancestry]
  4450 | D:4      | Reached XP level 6. HP: 35/48 MP: 8/8
  4544 | D:4      | Reached skill level 4 in Fighting
  4580 | D:4      | Noticed an ogre
  4835 | D:4      | Killed an ogre
  5093 | D:4      | Found a shimmering altar of Xom.
  5116 | D:4      | Found a staircase to the Ecumenical Temple.
  5127 | D:4      | Reached XP level 7. HP: 49/55 MP: 9/9
  5260 | D:4      | Reached **** piety under Lugonu
  5611 | D:4      | Noticed an ogre
  5618 | D:4      | Killed an ogre
  5874 | D:5      | Entered Level 5 of the Dungeon
  5899 | D:5      | Found a stormy altar of Qazlal.
  5938 | D:5      | Reached skill level 5 in Armour
  5938 | D:5      | Gained mutation: You are completely covered in rough black scales (AC +10, Dex -3). [demonic ancestry]
  5938 | D:5      | Reached XP level 8. HP: 61/61 MP: 11/11
  6102 | D:5      | Noticed Duvessa
  6103 | D:5      | Noticed Dowan
  6111 | D:5      | Killed Dowan
  6131 | D:5      | Reached skill level 5 in Fighting
  6144 | D:5      | Killed Duvessa
  6590 | D:5      | Found a shadowy altar of Dithmenos.
  6612 | D:5      | Reached skill level 5 in Axes
  6668 | D:5      | Reached skill level 6 in Armour
  6741 | D:5      | Noticed Sigmund
  6755 | D:5      | Killed Sigmund
  7306 | D:6      | Reached XP level 9. HP: 46/68 MP: 12/12
  7524 | D:6      | Noticed Prince Ribbit
  7707 | D:6      | Found a snail-covered altar of Cheibriados.
  7865 | D:6      | Reached skill level 5 in Dodging
  7871 | D:6      | Gained mutation: You have a pair of small horns on your head. [mutagenic meat]
  7872 | D:6      | Gained mutation: Your muscles are strong. (Str +2) [mutagenic meat]
  7873 | D:6      | Gained mutation: You have a pair of horns on your head. [mutagenic meat]
  7874 | D:6      | Gained mutation: You expend magic power (3 MP) to strengthen your wands. [mutagenic meat]
  7878 | D:6      | Gained mutation: You have large cloven feet. [mutagenic meat]
  7879 | D:6      | Gained mutation: You are clumsy. (Dex -2) [mutagenic meat]
  7892 | D:6      | Lost mutation: You expend magic power (3 MP) to strengthen your wands. [potion of mutation]
  7892 | D:6      | Gained mutation: You are somewhat resistant to further mutation. [potion of mutation]
  8141 | D:6      | Noticed jesusflecha's ghost (novice HECj)
  8167 | D:6      | Killed jesusflecha's ghost
  8167 | D:6      | Reached skill level 7 in Armour
  8587 | D:6      | Found a deep blue altar of Sif Muna.
  8931 | D:6      | Reached skill level 1 in Stealth
  9306 | D:7      | Reached ***** piety under Lugonu
  9793 | D:7      | Found a glowing golden altar of the Shining One.
 10252 | D:8      | Reached XP level 10. HP: 77/77 MP: 13/13
 10295 | D:8      | Reached skill level 8 in Armour
 11687 | D:9      | Got a scintillating bronze ring
 11702 | D:9      | Found an iron altar of Okawaru.
 11978 | D:10     | Entered Level 10 of the Dungeon
 11985 | D:10     | Noticed Snorg
 11992 | D:10     | Banished Snorg
 12560 | D:10     | Noticed Edgeworth's ghost (novice HOFi)
 12627 | D:10     | Reached skill level 9 in Axes
 12627 | D:10     | Gained mutation: You have hoof-like feet. [demonic ancestry]
 12627 | D:10     | Reached XP level 11. HP: 54/86 MP: 14/14
 12657 | D:10     | Killed Edgeworth's ghost
 13028 | D:10     | Noticed a hill giant
 13070 | D:10     | Killed a hill giant
 13288 | D:10     | Noticed Harold
 13320 | D:10     | Killed Harold
 14521 | D:11     | Reached ****** piety under Lugonu
 14579 | D:11     | Reached skill level 10 in Axes
 14921 | D:11     | Found a staircase to the Lair.
 14956 | D:11     | Gained mutation: Your mind is acute. (Int +2) [mutagenic meat]
 14958 | D:11     | Gained mutation: You are occasionally teleported next to monsters. [mutagenic meat]
 15069 | D:11     | Killed an unseen horror
 15726 | Lair:1   | Entered Level 1 of the Lair of Beasts
 16564 | Lair:1   | Identified the ring of Vaguch {MR+ Str+8 Dex-4} (You found it on level 9 of the Dungeon)
 16776 | Lair:2   | Reached skill level 10 in Armour
 16819 | Lair:2   | Gained mutation: When hurt, damage is shared between your health and your magic reserves. [demonic ancestry]
 16819 | Lair:2   | Reached XP level 12. HP: 87/95 MP: 15/15
 17409 | D:3      | Fell from the grace of Lugonu
 17409 | D:3      | Became a worshipper of Trog the Wrathful
 18000 | Lair:2   | Cast into the Abyss (Lugonu's touch)
 18039 | Lair:2   | Escaped the Abyss
 18113 | Lair:2   | Noticed a tentacled starspawn
 18127 | Lair:2   | Killed a tentacled starspawn
 18224 | Lair:2   | Reached skill level 11 in Axes
 18232 | Lair:2   | Reached * piety under Trog
 19536 | Lair:3   | Cast into the Abyss (Lugonu's touch)
 19862 | Abyss:4  | Found a corrupted altar of Lugonu.
 19946 | Abyss:4  | Noticed a starcursed mass
 19975 | Abyss:5  | Entered Level 5 of the Abyss
 20046 | Abyss:5  | Reached skill level 12 in Axes
 20048 | Abyss:5  | Noticed a salamander stormcaller
 20053 | Abyss:5  | HP: 7/145 [thrashing horror (2)]
 20053 | Abyss:5  | HP: 1/145 [thrashing horror (6)]
 20057 | Abyss:5  | Killed from afar by a salamander stormcaller

Action                   |  1- 3 |  4- 6 |  7- 9 | 10-12 || total
-------------------------+-------+-------+-------+-------++-------
Melee: Hand axe          |   101 |   338 |   418 |   735 ||  1592
       Broad axe         |       |       |       |   204 ||   204
Throw: Javelin           |       |       |       |     2 ||     2
Invok: Depart the Abyss  |     1 |       |       |       ||     1
       Banish            |       |     1 |       |     2 ||     3
       Berserk           |       |       |       |     5 ||     5
       Burn Spellbooks   |       |       |       |     1 ||     1
  Use: Scroll            |     6 |       |     8 |    13 ||    27
       Potion            |     2 |       |     7 |    20 ||    29
 Stab: Paralysed         |       |     2 |       |       ||     2
       Sleeping          |       |     1 |       |       ||     1
  Eat: Chunk             |     4 |     9 |    23 |    16 ||    52
       Fruit             |       |     2 |     2 |     4 ||     8
       Beef jerky        |       |       |     1 |     4 ||     5
       Pizza             |       |       |     1 |       ||     1
       Bread ration      |       |       |       |     1 ||     1
       Royal jelly       |       |       |       |     7 ||     7
       Meat ration       |       |       |       |     1 ||     1
